 Dungeon Crawl Stone Soup version 0.29.1-2-gbd0b4ee654 (webtiles) character file.

Game seed: 11423954715876524094

8263 CryoSword the Fighter (level 11, 0/101 HPs)
             Began as a Ghoul Fighter on Nov 9, 2022.
             Was an Elder of Ru.
             Slain by a boulder beetle (20 damage)
             ... on level 11 of the Dungeon.
             The game lasted 00:15:32 (10044 turns).

CryoSword the Fighter (Ghoul Fighter)              Turns: 10044, Time: 00:15:33

Health: 0/101      AC: 21    Str: 23    XL:     11   Next: 28%
Magic:  10/10      EV:  7    Int:  5    God:    Ru [****..]
Gold:   22         SH: 17    Dex:  8    Spells: 10/10 levels left

rFire   . . .      SeeInvis .   w - +6 shillelagh "Devastator" {shatter}
rCold   + . .      Faith    .   y - +3 kite shield {AC+3}
rNeg    + + +      Spirit   .   c - +3 chain mail {Will+}
rPois   ∞          Reflect  +   (no helmet)
rElec   .          Harm     .   f - +1 cloak
rCorr   +          Rampage  .   (no gloves)
Will    +....                   s - +2 pair of boots
Stlth   ..........              e - amulet of reflection
HPRegen 0.00/turn               E - ring of resist corrosion
MPRegen 0.12/turn               (no ring)

@: inhibited regen
A: claws 1, cold resistance 1, negative energy resistance 3, inhibited
regeneration, torment resistance 2, inability to use devices, hated by all, no
earth magic, no translocations magic, no transmutations magic, devour on kill
a: Renounce Religion, Draw Out Power, Power Leap


You were on level 11 of the Dungeon.
You worshipped Ru.
Ru was greatly pleased with you.
You visited 2 branches of the dungeon, and saw 12 of its levels.

You collected 645 gold pieces.
You spent 623 gold pieces at shops.

Inventory:

Hand Weapons
 w - the +6 shillelagh "Devastator" (weapon) {shatter}
   (You found it on level 5 of the Dungeon)

   It releases a powerful concussive burst when it strikes, dealing extra damage
   to the target and all other foes adjacent to them.
Missiles
 v - 30 poisoned darts (quivered)
 z - 5 boomerangs
Armour
 c - a +3 chain mail of willpower (worn)
   (You bought it in a shop on level 10 of the Dungeon)
 f - a +1 cloak (worn)
   (You found it on level 1 of the Dungeon)
 s - a +2 pair of boots (worn)
   (You found it on level 3 of the Dungeon)
 y - a +3 kite shield of protection (worn)
   (You bought it in a shop on level 10 of the Dungeon)
Jewellery
 e - an amulet of reflection (around neck)
   (You found it on level 6 of the Dungeon)
 E - a ring of resist corrosion (left claw)
   (You found it on level 7 of the Dungeon)
Scrolls
 a - 2 scrolls of fear {unknown}
 h - 3 scrolls of blinking {unknown}
 i - 3 scrolls of enchant weapon
 m - a scroll of vulnerability {unknown}
 n - 5 scrolls of silence
 p - a scroll of noise {unknown}
 t - 3 scrolls of torment {unknown}
 x - a scroll of magic mapping {unknown}
 A - 2 scrolls of poison {unknown}
 B - a scroll of enchant armour
 D - 3 scrolls of teleportation {@r4}
Potions
 d - 2 potions of might
 g - 2 potions of resistance
 j - a potion of berserk rage {unknown}
 k - 3 potions of flight
 l - 5 potions of curing {@q1}
 q - 2 potions of magic
 r - a potion of cancellation {unknown}
 F - a potion of haste {@q3}


   Skills:
 - Level 10.5 Fighting
 - Level 4.1(6.8) Axes
 * Level 8.4(8.9) Maces & Flails
 - Level 6.1 Armour
 - Level 4.5 Dodging
 + Level 7.0 Shields


You had 10 spell levels left.
You didn't know any spells.
Your spell library contained the following spells:

 Spells                   Type           Power      Damage    Failure   Level
 Freeze                   Ice            0%         1d3       100%        1
 Shock                    Conj/Air       0%         1d3       100%        1
 Static Discharge         Conj/Air       0%         3-3/arc   100%        2
 Frozen Ramparts          Ice            0%         1d1       100%        3
 Swiftness                Air            0%         N/A       100%        3
 Airstrike                Air            0%         2d(0-16)  100%        4
 Hailstorm                Conj/Ice       0%         3d3       100%        4
 Lightning Bolt           Conj/Air       0%         1d11      100%        5
 Maxwell's Capacitive Co  Air            0%         ∞         100%        8
 Call Canine Familiar     Summ           Unusable   N/A       N/A         3
 Gell's Gravitas          Tloc           Unusable   N/A       N/A         3
 Lesser Beckoning         Tloc           Unusable   N/A       N/A         3
 Portal Projectile        Hex/Tloc       Unusable   N/A       N/A         3
 Teleport Other           Tloc           Unusable   N/A       N/A         3
 Leda's Liquefaction      Hex/Erth       Unusable   N/A       N/A         4

Dungeon Overview and Level Annotations

Branches:
Dungeon (11/15)            Temple (1/1) D:6            Lair (0/5) D:9
    Orc (0/2) D:9

Altars:
Ashenzari
Cheibriados
Gozag
Okawaru
Ru
Trog
Uskayaw
Vehumet
Xom

Shops:
D:10 [


Innate Abilities, Weirdness & Mutations

You are immune to poison.
You have sharp fingernails.
Your flesh is cold resistant. (rC+)
You are immune to negative energy. (rN+++)
You do not regenerate when monsters are visible.
You are immune to unholy pain and torment.
You cannot study or use magical devices.
You are hated by all.
You cannot study or cast Earth magic.
You cannot study or cast Translocations magic.
You cannot study or cast Transmutations magic.
You thrive by killing the living.


Message History

You drop 2 scrolls of butterflies.
As you read the scroll of identify {@r1}, it crumbles to dust.
n - 4 scrolls of silence
As you read the scroll of identify {@r1}, it crumbles to dust.
g - a potion of resistance
There is an open door here.
There is an entrance to Farphio's Armour Boutique here.
You see here a +0 buckler.
c - a +3 chain mail of willpower Thank you for shopping at Farphio's Armour Boutique!
You start removing your armour.
You continue taking off your +0 scale mail. x4
You finish taking off your +0 scale mail.
You start putting on your armour.
You continue putting on your +3 chain mail of willpower. x5
You finish putting on your +3 chain mail of willpower.
You feel strong-willed.
You drop a +0 scale mail.
As you read the scroll of enchant armour, it crumbles to dust.
Your +2 kite shield of protection glows green for a moment.
There is an open door here.
There is an open door here.
There is an open door here.
There is an open door here.
Found 3 stones.
Found a potion of mutation.
Found a stone staircase leading up.
A gargoyle comes into view. It is wielding a +0 flail.
Found a silver wand.
A gargoyle is nearby!
A gargoyle is nearby!
A gargoyle is nearby!
The gargoyle hits you but does no damage.
You hit the gargoyle.
The gargoyle shudders.
The gargoyle hurls a stone arrow at you.
The stone arrow reflects off an invisible shield around you!
The stone arrow hits the gargoyle!!
You destroy the gargoyle!
No target in view!
Could not explore, unopened door.
Could not explore, unopened door.
Could not explore, unopened door.
You open the door.
There is an open door here.
Found 6 stones.
Found an escape hatch in the floor.
There is an open door here.
Done exploring.
Done exploring.
Done exploring.
There is an open door here.
There is a stone staircase leading down here.
You climb downwards.
Found a scroll of silence.
There is a stone staircase leading up here.
n - 5 scrolls of silence (gained 1)
Found a stone staircase leading up.
There is a stone staircase leading up here.
g - 2 potions of resistance (gained 1)
A wraith comes into view.
A wraith is nearby!
You sock the wraith! The wraith hits you but does no damage.
You barely miss the wraith. You hit the wraith but do no damage.
You block the wraith's attack. The wraith hits you but does no damage.
You hit the wraith. The wraith hits you but does no damage.
You hit the wraith but do no damage. The wraith hits you.
The wraith drains your vigour!
You feel yourself slow down.
You hit the wraith. The wraith hits you but does no damage.
You closely miss the wraith. The wraith closely misses you.
You block the wraith's attack.
You hit the wraith but do no damage. The wraith closely misses you.
You hit the wraith. You block the wraith's attack. x2
You completely miss the wraith. The wraith hits you but does no damage.
The wraith is stunned by your conviction and fails to attack.
You barely miss the wraith.
You feel yourself speed up. The wraith hits you. The wraith drains your vigour!
You feel yourself slow down.
You hit the wraith. The wraith hits you but does no damage.
The wraith closely misses you.
You completely miss the wraith. You block the wraith's attack.
A wraith is nearby!
A wraith is nearby!
You thump the wraith!
You destroy the wraith!
Your Shields skill increases to level 7!
No target in view!
You feel yourself speed up.
Found a stone staircase leading down.
A boulder beetle comes into view.
A boulder beetle is nearby!
A boulder beetle is nearby!
A boulder beetle is nearby!
The boulder beetle begins to attack, but is stunned by your conviction!
You hit the boulder beetle but do no damage.
The boulder beetle barely misses you.
You hit the boulder beetle.
The boulder beetle shudders.
The boulder beetle bites you!!
You hit the boulder beetle but do no damage.
You block the boulder beetle's attack.
You completely miss the boulder beetle. You block the boulder beetle's attack.
You sock the boulder beetle!
The boulder beetle shudders.
You block the boulder beetle's attack.
You hit the boulder beetle.
The boulder beetle shudders.
You block the boulder beetle's attack.
You hit the boulder beetle but do no damage.
The boulder beetle bites you!
You hit the boulder beetle.
The boulder beetle shudders.
You block the boulder beetle's attack.
You barely miss the boulder beetle. The boulder beetle barely misses you.
You hit the boulder beetle but do no damage.
The boulder beetle bites you but does no damage.
You hit the boulder beetle but do no damage.
The boulder beetle begins to attack, but is stunned by your conviction!
You hit the boulder beetle but do no damage.
You redirect the boulder beetle's attack!
The boulder beetle bites you!
You are too injured to fight recklessly!
You are too injured to fight recklessly!
Hit: w) +6 shillelagh "Devastator" {shatter}
Aim: a boulder beetle (heavily wounded, about 8% to evade the +6 shillelagh "Devastator")
You hit the boulder beetle.
The boulder beetle shudders.
The boulder beetle bites you but does no damage.
Hit: w) +6 shillelagh "Devastator" {shatter}
Aim: a boulder beetle (severely wounded, about 8% to evade the +6 shillelagh "Devastator")
You hit the boulder beetle.
The boulder beetle shudders.
The boulder beetle bites you!
Hit: w) +6 shillelagh "Devastator" {shatter}
Aim: a boulder beetle (severely wounded, about 8% to evade the +6 shillelagh "Devastator")
You hit the boulder beetle but do no damage.
The boulder beetle bites you!!
* * * LOW HITPOINT WARNING * * *
You focus your inner power and illuminate the boulder beetle in retribution!
Hit: w) +6 shillelagh "Devastator" {shatter}
Aim: a boulder beetle (severely wounded, softly glowing, about 3% to evade the +6 shillelagh "Devastator")
You hit the boulder beetle.
The boulder beetle shudders.
The boulder beetle bites you!
* * * LOW HITPOINT WARNING * * *
You focus your inner power and illuminate the boulder beetle in retribution!
Hit: w) +6 shillelagh "Devastator" {shatter}
Aim: a boulder beetle (almost dead, softly glowing, about 3% to evade the +6 shillelagh "Devastator")
You hit the boulder beetle but do no damage.
The boulder beetle is stunned by your conviction and fails to attack.
Hit: w) +6 shillelagh "Devastator" {shatter}
Aim: a boulder beetle (almost dead, softly glowing, about 3% to evade the +6 shillelagh "Devastator")
You hit the boulder beetle but do no damage.
The boulder beetle bites you!!
You die...

.............
.#.##.#.#...#...#.#.#.
.#.##..........>.....
............#.......#
.
.######.#...#.......#
.. .#
.............#.#. .#
.#............... .#
...............#.
.#####.#
#.....@B......
.......#
#.#.#.#.#.#.#.
#...#### #.#.#.#.#
#...# #.#.#.#.# #...#
#.....#.#
....#########.#.#..
...<............###
.......######.###
.......# #.#


You could see a boulder beetle (corona).

Vanquished Creatures
  A two-headed ogre (D:10)
  Pikel (D:8)
  A deep elf pyromancer (D:9)
  A gargoyle (D:10)
  Joseph (D:7)
  2 kobold demonologists (D:10)
  Prince Ribbit (D:9)
  A troll (D:10)
  5 yaks
  A wraith (D:11)
  3 wyverns (D:9)
  A basilisk (D:9)
  3 steam dragons
  3 water moccasins
  3 orc warriors
  2 ice beasts (D:6)
  A sky beast (D:7)
  A black bear (D:9)
  2 ogres
  2 centaurs
  3 lemures (D:8)
  5 phantoms
  3 kobold brigands (D:10)
  A necrophage (D:6)
  3 bullfrogs
  11 wights
  A howler monkey (D:5)
  2 jellies
  A hound (D:5)
  A gnoll bouda (D:10)
  3 orc priests
  Ijyb (D:3)
  5 iguanas
  Natasha (thrice) (D:3)
  11 orc wizards
  4 gnolls
  6 adders
  3 shadow imps
  2 white imps (D:6)
  An ufetubus (D:6)
  2 worms (D:3)
  3 dart slugs (D:3)
  32 orcs
  8 ball pythons
  8 bats
  5 endoplasms
  2 giant cockroaches
  5 goblins
  7 hobgoblins
  4 jackals (D:2)
  A quokka (D:1)
  6 frilled lizards
  6 kobolds
  3 rats
198 creatures vanquished.

Vanquished Creatures (others)
  A fungus (D:9)
  2 plants (D:9)
3 creatures vanquished.

Grand Total: 201 creatures vanquished

Notes
Turn   | Place    | Note
-------+----------+-------------------------------------------
     0 | D:1      | CryoSword the Ghoul Fighter began the quest for the Orb.
     0 | D:1      | Reached XP level 1. HP: 19/19 MP: 0/0
   154 | D:1      | Found a faded altar of an unknown god.
   176 | D:1      | Reached XP level 2. HP: 22/26 MP: 1/1
   883 | D:2      | Reached XP level 3. HP: 33/33 MP: 2/2
  1558 | D:3      | Reached skill level 4 in Fighting
  1652 | D:3      | Noticed Natasha
  1658 | D:3      | Killed Natasha
  1659 | D:3      | Reached XP level 4. HP: 37/40 MP: 3/3
  1770 | D:3      | Noticed Natasha
  1783 | D:3      | Killed Natasha
  1784 | D:3      | Reached XP level 5. HP: 30/47 MP: 4/4
  2023 | D:3      | Found a hazy altar of Hepliaklqana.
  2030 | D:3      | Noticed Ijyb
  2044 | D:3      | Killed Ijyb
  2605 | D:3      | Found a sacrificial altar of Ru.
  2616 | D:3      | Identified the +7 mace of the Maze {vorpal, MP+9}
  2712 | D:3      | Became a worshipper of Ru the Awakened
  2853 | D:3      | Noticed Natasha
  2859 | D:3      | Killed Natasha
  3002 | D:4      | You fall into a shaft and drop 1 floor!
  3002 | D:5      | Entered Level 5 of the Dungeon
  3005 | D:5      | Noticed a phantom
  3013 | D:5      | Killed a phantom
  3014 | D:5      | Reached skill level 5 in Fighting
  3014 | D:5      | Reached XP level 6. HP: 56/56 MP: 5/5
  3065 | D:4      | Reached skill level 1 in Maces & Flails
  3239 | D:4      | Found an iron altar of Okawaru.
  3285 | D:4      | Reached XP level 7. HP: 44/62 MP: 6/6
  3502 | D:4      | Found a broken altar of Ashenzari.
  3509 | D:4      | Found a snail-covered altar of Cheibriados.
  3513 | D:4      | Found a bloodstained altar of Trog.
  3677 | D:5      | Reached skill level 6 in Fighting
  3964 | D:5      | Found the +7 Throatcutter {drain, coup de grace}
  4062 | D:5      | Found the +6 shillelagh "Devastator" {shatter}
  4144 | D:5      | Gained mutation: You cannot study or cast Earth magic. [Ru
                  | sacrifice]
  4144 | D:5      | Gained mutation: You cannot study or cast Transmutations
                  | magic. [Ru sacrifice]
  4144 | D:5      | Gained mutation: You cannot study or cast Translocations
                  | magic. [Ru sacrifice]
  4144 | D:5      | Reached * piety under Ru
  4225 | D:6      | Reached XP level 8. HP: 61/71 MP: 7/7
  4285 | D:6      | Reached skill level 7 in Fighting
  4285 | D:6      | Reached skill level 1 in Dodging
  4361 | D:6      | Found a staircase to the Ecumenical Temple.
  4396 | Temple   | Entered the Ecumenical Temple
  4509 | D:6      | HP: 2/73 [white imp (2)]
  5133 | D:6      | Reached skill level 8 in Fighting
  5661 | D:7      | Reached XP level 9. HP: 52/81 MP: 8/8
  5948 | D:7      | Reached skill level 5 in Armour
  5948 | D:7      | Reached skill level 5 in Shields
  6384 | D:7      | Noticed Joseph
  6396 | D:7      | Killed Joseph
  6397 | D:7      | Reached skill level 9 in Fighting
  6683 | D:7      | Found an opulent altar of Gozag.
  7046 | D:8      | Noticed Pikel
  7101 | D:8      | Killed Pikel
  7178 | D:8      | Reached skill level 10 in Fighting
  7182 | D:8      | Reached XP level 10. HP: 80/93 MP: 9/9
  7329 | D:8      | Gained mutation: You cannot study or use magical devices.
                  | [Ru sacrifice]
  7329 | D:8      | Reached ** piety under Ru
  7329 | D:8      | Reached *** piety under Ru
  8299 | D:9      | Found a staircase to the Lair.
  8375 | D:9      | Reached skill level 5 in Maces & Flails
  8552 | D:9      | Noticed Prince Ribbit
  8572 | D:9      | Killed Prince Ribbit
  8762 | D:9      | Found a staircase to the Orcish Mines.
  8993 | D:9      | Noticed a deep elf pyromancer
  8999 | D:9      | Killed a deep elf pyromancer
  9037 | D:10     | Entered Level 10 of the Dungeon
  9305 | D:10     | Found a hide-covered altar of Uskayaw.
  9336 | D:10     | Found Farphio's Armour Boutique.
  9339 | D:10     | Bought a +2 kite shield of protection for 279 gold pieces
  9431 | D:10     | Noticed a kobold demonologist
  9431 | D:10     | Noticed a kobold demonologist
  9442 | D:10     | Killed a kobold demonologist
  9443 | D:10     | Reached XP level 11. HP: 101/101 MP: 10/10
  9484 | D:10     | Noticed a two-headed ogre
  9511 | D:10     | Found a radiant altar of Vehumet.
  9531 | D:10     | Found a shimmering altar of Xom.
  9550 | D:10     | Killed a two-headed ogre
  9643 | D:10     | Gained mutation: You are hated by all. [Ru sacrifice]
  9643 | D:10     | Reached **** piety under Ru
  9694 | D:10     | Bought a +3 chain mail of willpower for 344 gold pieces
 10025 | D:11     | Noticed a boulder beetle
 10044 | D:11     | Slain by a boulder beetle

Illustrated notes

Levels and vault maps discovered:
D:1:      reono_arrival_forest_river, layout_basic, basic_ecumenical_altar
D:2:      layout_basic
D:3:      cheibrodos_helix_gallery, layout_basic,
          mainiacjoe_overflow_tiny_flanked, lemuel_round_altar,
          reono_crystal_passage, uniq_natasha, uniq_ijyb
D:4:      layout_rooms, okawaru_altar_gauntlet_db, minitemple,
          amcnicky_mini_pool_small, chequers_mini_garden
D:5:      layout_rooms
D:6:      layout_basic, minmay_temple_entry_water_ring
D:7:      layout_loops_ring, grunt_gozag_breadcrumbs, uniq_joseph
D:8:      layout_cave_pools, uniq_pikel
D:9:      layout_basic, mainiacjoe_overflow_brackets, david_lair_generic,
          uniq_prince_ribbit1
D:10:     layout_irregular_city, mainiacjoe_overflow_small_starburst,
          kennysheep_mini_moat, eat_drink_and_be_merry_uskayaw, serial_shops,
          kennysheep_mini
D:11:     minmay_spotlight, layout_basic, nicolae_ru_sacrificial_ziggurat
Temple:   jpeg_temple_clearing

Skill      XL: |  1  2  3  4  5  6  7  8  9 10 11 |
---------------+----------------------------------+-----
Axes           | 2 3 4 |  4.1
Fighting       | 4 5 6 8 10 | 10.5
Shields        | 3 4 5 6 7 |  7.0
Armour         | 3 4 5 6 |  6.1
Maces & Flails | 1 2 7 8 |  8.4
Dodging        | 2 4 |  4.5

Action                   |  1- 3 |  4- 6 |  7- 9 | 10-12 || total
-------------------------+-------+-------+-------+-------++-------
Melee: War axe           |   145 |    53 |       |       ||   198
       Mace              |       |    44 |    32 |       ||    76
       Long sword        |       |       |   166 |    33 ||   199
       Shillelagh        |       |       |       |   116 ||   116
Throw: Dart              |       |       |       |     5 ||     5
Invok: Sacrifice Arcana  |       |       |     1 |       ||     1
       Draw Out Power    |       |       |       |     1 ||     1
       Sacrifice Artific |       |       |       |     1 ||     1
       Sacrifice Love    |       |       |       |     1 ||     1
  Use: Scroll            |     1 |     2 |     9 |     5 ||    17
       Potion            |       |     1 |     3 |       ||     4
 Stab: Invisible         |       |     1 |       |       ||     1
Armor: Scale mail        |    91 |    44 |    89 |    83 ||   307
       Chain mail        |       |       |       |     9 ||     9
Dodge: Dodged            |    74 |    51 |    69 |    59 ||   253
Block: Buckler           |    34 |    23 |    90 |    46 ||   193
       Reflection        |       |       |     1 |     3 ||     4
       Kite shield       |       |       |       |    27 ||    27
